 Dungeon Crawl Stone Soup version 0.29.1-12-g30fa7ad0bf (webtiles) character file.

Game seed: 2783420695755667677

44 hawla the Firebug (level 4, -1/33 HPs)
             Began as a Meteoran Fire Elementalist on Jan 13, 2023.
             Frozen to death by an endoplasm (3 damage)
             ... on level 4 of the Dungeon.
             The game lasted 00:01:16 (193 turns).

hawla the Firebug (Meteoran Fire Elementalist)       Turns: 193, Time: 00:01:18

Health: -1/33      AC:  2    Str:  9    XL:     4   Next: 10%
Magic:  7/10       EV: 13    Int: 18    God:
Gold:   31         SH:  0    Dex: 15    Spells: 7/10 levels left

rFire   . . .      SeeInvis .   (no weapon)
rCold   . . .      Faith    .   (no shield)
rNeg    . . .      Spirit   .   a - +0 robe
rPois   .          Reflect  .   (no helmet)
rElec   .          Harm     .   (no cloak)
rCorr   .          Rampage  .   (no gloves)
Will    .....                   (no boots)
Stlth   +.........              (no amulet)
HPRegen 0.11/turn               (no ring)
MPRegen 0.12/turn               (no ring)

@: glowing
A: sense surroundings 1, otherworldly, glowing, explore regen
a: no special abilities


You were on level 4 of the Dungeon.
You visited 1 branch of the dungeon, and saw 4 of its levels.

You collected 31 gold pieces.

Inventory:

Armour
 a - a +0 robe (worn)
Scrolls
 c - a scroll of identify {unknown}
 d - 2 scrolls of vulnerability {unknown}
 e - a scroll of enchant armour {unknown}


   Skills:
 + Level 2.7 Dodging
 - Level 1.4 Stealth
 + Level 3.5 Spellcasting
 + Level 1.5 Conjurations
 + Level 4.6 Fire Magic


You had 7 spell levels left.
You knew the following spells:

 Your Spells              Type           Power      Damage    Failure   Level
a - Foxfire               Conj/Fire      56%        2x1d6     4%          1
b - Scorch                Fire           40%        2d7       3%          2

Your spell library contained the following spells:

 Spells                   Type           Power      Damage    Failure   Level
 Conjure Flame            Conj/Fire      14%        6-21      13%         3
 Inner Flame              Hex/Fire       11%        N/A       19%         3
 Flame Wave               Conj/Fire      14%        2d6       41%         4


Dungeon Overview and Level Annotations

Branches:
Dungeon (4/15) Zot: 2206
 Temple: D:4-7

Altars:


Innate Abilities, Weirdness & Mutations

You passively map a small area around you.
You are easily found by Zot.
You glow in the dark.
You regain HP and MP as you explore.


Message History

The foxfire hits the iguana.
The iguana is lightly wounded.
The foxfire hits the adder but does no damage.
Your Fire Magic skill increases to level 4!
You have reached level 3!
Your experience leads to an increase in your attributes!
Increase (S)trength, (I)ntelligence, or (D)exterity?
You feel clever. x2; You feel agile.
You have reached level 4!
Casting: Scorch (safe; 3% risk of failure)
Confirm with . or Enter, or press ? or * to list all spells.
Flames lash the iguana.
The iguana is heavily wounded.
The iguana's fire resistance burns away.
The adder misses you. The iguana misses you.
Casting: Scorch (safe; 3% risk of failure)
Confirm with . or Enter, or press ? or * to list all spells.
You don't have enough magic to cast this spell.
Magic courses through your body. The adder bites you. The iguana bites you!
The endoplasm freezes you.
You are frozen.
Casting: Scorch (safe; 3% risk of failure)
Confirm with . or Enter, or press ? or * to list all spells.
You conjure some foxfire!
The adder misses you. The adder bites you. The endoplasm freezes you.
You are frozen.
The iguana bites you!
* * * LOW HITPOINT WARNING * * *
Casting: Foxfire (safe; 4% risk of failure)
Confirm with . or Enter, or press ? or * to list all spells.
Flames lash the iguana.
The iguana is burned terribly!
You kill the iguana!
The foxfire hits the adder.
The adder is lightly wounded.
The foxfire hits the adder.
The adder is moderately wounded.
The adder bites you.
* * * LOW HITPOINT WARNING * * *
The endoplasm freezes you.
You are frozen.
You die...

,, * , #.. ,
... $. , ..
..++*#.. , , ,
.#.*.., * ###
#..#.#+#
....#......#
#..?.....###
#...S@†....#
#....#.†J....#
... .........#
, .
#.####.....#
#, +.....# , *
.!...# , * , *
#..### , #.#


You could see an adder and an endoplasm.

Vanquished Creatures
  A howler monkey (D:4)
  An iguana (D:4)
  2 bats
  A ball python (D:2)
  4 frilled lizards (D:1)
  A rat (D:3)
10 creatures vanquished.

Vanquished Creatures (others)
  20 foxfires
20 creatures vanquished.

Grand Total: 30 creatures vanquished

Notes
Turn   | Place    | Note
-------+----------+-------------------------------------------
     0 | D:1      | hawla the Meteoran Fire Elementalist began the quest for
                  | the Orb.
     0 | D:1      | Reached XP level 1. HP: 14/14 MP: 5/5
    50 | D:2      | Reached XP level 2. HP: 19/20 MP: 3/6
    57 | D:2      | Learned a level 2 spell: Scorch
   185 | D:4      | Noticed a howler monkey
   189 | D:4      | Killed a howler monkey
   190 | D:4      | Reached skill level 4 in Fire Magic
   190 | D:4      | Reached XP level 3. HP: 26/26 MP: 2/9
   190 | D:4      | Reached XP level 4. HP: 33/33 MP: 2/10
   193 | D:4      | Frozen to death by an endoplasm

Illustrated notes

Levels and vault maps discovered:
D:1:      dpeg_arrival_tiny_b, layout_basic, shapermc_ecumenical_altar_gd,
          amcnicky_mini_corridor_feature, minmay_lizard_pond
D:2:      layout_basic, minmay_strange_pillars, uniq_crazy_yiuf_cottage,
          uniq_natasha
D:3:      layout_loops_ring, old_standard_altar,
          nicolae_hepliaklqana_monster_ancestors, serial_shops, shop, uniq_pargi
D:4:      layout_basic, elyvilon_altar_1, minitemple,
          minmay_temple_entry_glassed_door, serial_bayou_crossing

Skill      XL: |  1  2 |
---------------+-------+-----
Spellcasting   | 3 |  3.5
Fire Magic     | 4 |  4.6
Dodging        | |  2.7
Stealth        | |  1.4
Conjurations   | |  1.5

Action                   |  1- 3 |  4- 6 || total
-------------------------+-------+-------++-------
Melee: Unarmed           |     2 |       ||     2
 Cast: Foxfire           |    10 |     1 ||    11
       Scorch            |     2 |     2 ||     4
  Use: Potion            |       |     1 ||     1
Armor: Robe              |     2 |       ||     2
Dodge: Dodged            |     9 |     3 ||    12
